 Dungeon Crawl Stone Soup version 0.29-a0-233-g1125b37a9b (webtiles) character file.

Game seed: 8532895999129707463

15075 Crownlay the Impaler (level 11, -4/156 HPs)
             Began as a Minotaur Berserker on Mar 1, 2022.
             Was an Elder of Trog.
             Engulfed by a cloud of flame (8 damage)
             ... in a volcano.
             The game lasted 00:26:29 (13518 turns).

Crownlay the Impaler (Minotaur Berserker)          Turns: 13518, Time: 00:26:30

Health: -4/156     AC: 25    Str: 25    XL:     11   Next: 97%
Magic:  0/10       EV:  2    Int:  7    God:    Trog [****..]
Gold:   545        SH:  0    Dex: 11    Spells: 10/10 levels left

rFire   + . .      SeeInvis .   N - +12 hunting sling of Pithrousch {freeze, rElec rF+ Int+3}
rCold   . . .      Faith    .   (no shield)
rNeg    . . .      Spirit   +   (body armour currently unavailable)
rPois   +          Reflect  .   (helmet currently unavailable)
rElec   +          Harm     .   (cloak currently unavailable)
rCorr   .          Rampage  .   (gloves currently unavailable)
Will    .....      NoTele   +   (boots currently unavailable)
Stlth   +.........              O - amulet of guardian spirit
HPRegen 0.36/turn               H - +4 ring of slaying
MPRegen 0.12/turn               c - +4 ring of slaying

@: mighty, tree-form
A: stationary, stasis, torment immunity, boosted hp, (horns 2), (retaliatory
headbutt), (hooves 1), (cold resistance 1), (poison resistance), evolution 1
a: Renounce Religion, Berserk, Trog's Hand, Brothers in Arms


You were in a volcano.
You worshipped Trog.
Trog was greatly pleased with you.
You were a tree.
You visited 3 branches of the dungeon, and saw 12 of its levels.
You also visited: Ossuary and Volcano.

You collected 545 gold pieces.

Inventory:

Hand Weapons
 r - a +2 trident of holy wrath
 L - the +10 flail of Blue Gallantry {freeze, Str+8 Int-3 Dex+3 SInv}
   (You found it on level 9 of the Dungeon)

   It freezes those it strikes, dealing additional cold damage.
   It can also slow down cold-blooded creatures.
   Str:       It affects your strength (+8).
   Int:       It affects your intelligence (-3).
   Dex:       It affects your dexterity (+3).
   SInv:      It lets you see invisible.
 N - the +12 hunting sling of Pithrousch (weapon) {freeze, rElec rF+ Int+3}
   (You took it off a tengu warrior on level 9 of the Dungeon)

   Any ammunition fired from it freezes those it strikes, dealing additional
   cold damage.
   It can also slow down cold-blooded creatures.
   Int:       It affects your intelligence (+3).
   rF:        It protects you from fire.
   rElec:     It insulates you from electricity.
Missiles
 J - a curare-tipped dart
 R - 6 datura-tipped darts
Armour
 k - a +0 ring mail (melded)
 q - a +0 pair of boots (melded)
 I - a +0 tower shield of fire resistance
 P - a +1 cloak (melded)
Jewellery
 a - the ring of the Moon {rC+++ rCorr Int+2 Dex-3}
   (You took it off an efreet on level 9 of the Dungeon)

   [ring of resist corrosion]

   Int:       It affects your intelligence (+2).
   Dex:       It affects your dexterity (-3).
   rC:        It renders you almost immune to cold.
   rCorr:     It protects you from acid and corrosion.
 c - a +4 ring of slaying (right branch)
 B - a ring of ice
 H - a +4 ring of slaying (left branch)
 O - an amulet of guardian spirit (around neck)
Wands
 j - a wand of digging (4)
 m - a wand of acid (29)
 n - a wand of flame (23)
 y - a wand of polymorph (1)
 Q - a wand of paralysis (6)
Scrolls
 f - a scroll of noise {unknown}
 h - 6 scrolls of enchant armour
 o - 5 scrolls of teleportation
 t - 2 scrolls of fear {unknown}
 u - 2 scrolls of blinking {unknown}
 x - 2 scrolls of enchant weapon {unknown}
 E - 2 scrolls of vulnerability {unknown}
 F - a scroll of fog {unknown}
 K - 2 scrolls of brand weapon {unknown}
 S - a scroll of summoning {unknown}
Potions
 d - 3 potions of might
 e - 3 potions of heal wounds {unknown}
 g - 2 potions of degeneration {unknown}
 i - 4 potions of mutation
 l - 2 potions of flight {unknown}
 p - 2 potions of invisibility
 s - 3 potions of haste {unknown}
 v - a potion of berserk rage {unknown}
 w - 3 potions of lignification
 z - 2 potions of curing {unknown}
 A - a potion of cancellation {unknown}
 C - 2 potions of ambrosia {unknown}
 D - 2 potions of resistance {unknown}
 G - 4 potions of attraction {unknown}
Miscellaneous
 M - a phantom mirror


   Skills:
 - Level 12.0 Fighting
 - Level 15.0 Polearms
 - Level 10.0 Armour
 - Level 2.1 Dodging
 * Level 5.4 Shields
 + Level 6.6 Evocations


You had 10 spell levels left.
You didn't know any spells.
Your spell library was empty.

Dungeon Overview and Level Annotations

Branches:
Dungeon (10/15)            Temple (0/1) D:6            Lair (1/6) D:8
    Orc (1/2) D:10        Ossuary (visited)         Volcano (1/1)

Altars:
Cheibriados
Elyvilon
Gozag
Hepliaklqana
Kikubaaqudgha
Makhleb
Nemelex Xobeh
Xom
Yredelemnul
Beogh
Lugonu

Shops:
D:8 :

Portals:
Abyss: D:4

Annotations:
D:8 1 transporter
D:9 6 transporters


Innate Abilities, Weirdness & Mutations

You are a tree.
Your roots penetrate the ground, keeping you stationary.
You cannot be teleported.
You are immune to unholy pain and torment.
Your maximum health is greatly increased.
Your equipment is partially melded.
((You have a pair of horns on your head.))
((You reflexively headbutt those who attack you in melee.))
((You have large cloven feet.))
((Your flesh is cold resistant. (rC+)))
((Your system is resistant to poisons. (rPois)))
You have hidden genetic potential.


Message History

The sling bullet freezes the fire elemental.
The fire elemental is heavily damaged.
Fire: N) +12 hunting sling of Pithrousch {freeze, rElec rF+ Int+3}
Press: ? - help, Shift-Dir - straight line, f/p - fire elemental
Aim: a fire elemental (lava, heavily damaged, 72% to hit)
You shoot a sling bullet.
The sling bullet hits the fire elemental!!
The sling bullet freezes the fire elemental!
You destroy the fire elemental!
Trog accepts your kill.
You start resting.
You are engulfed in blazing flames.
You resist.
Okay, then.
Okay, then.
You are engulfed in blazing flames.
You resist.
You are engulfed in blazing flames.
You resist.
* * * LOW HITPOINT WARNING * * *
You are engulfed in blazing flames.
You resist.
* * * LOW HITPOINT WARNING * * *
You are engulfed in blazing flames.
You resist.
* * * LOW HITPOINT WARNING * * *
Found 18 gold pieces.
You start resting.
You are engulfed in blazing flames.
You resist.
* * * LOW HITPOINT WARNING * * *
Okay, then.
You are engulfed in blazing flames.
You resist.
* * * LOW HITPOINT WARNING * * *
You start resting.
You are engulfed in blazing flames.
You resist.
* * * LOW HITPOINT WARNING * * *
It was a potion of might.
You feel very mighty all of a sudden.
You are engulfed in blazing flames.
You resist.
* * * LOW HITPOINT WARNING * * *
It was a potion of lignification.
You turn into a tree.
Your +1 cloak melds into your body.
Your +0 pair of boots melds into your body.
Your +0 ring mail melds into your body.
Your roots penetrate the ground.
You are engulfed in blazing flames.
You resist.
You die...

##○☼###
#'###
#.##
##☼☼##
##≈≈§☼##
#≈≈☼☼☼.##
##≈≈≈≈≈☼#
#☼☼☼§☼##
#≈≈≈♣##
+###+##
..### .$


There were no monsters in sight!

Vanquished Creatures
  A boulder beetle (D:9)
  A centaur warrior (D:9)
  Erica (D:9)
  2 two-headed ogres (D:10)
  A tengu warrior (D:9)
  A wizard (D:9)
  Joseph (D:7)
  Maggie (D:9)
  An unseen horror (D:6)
  3 efreet
  A komodo dragon (D:7)
  3 trolls
  A slime creature (D:9)
  A hornet (D:9)
  2 wyverns
  A wraith (D:9)
  4 fire elementals (Volcano)
  A vampire mosquito (D:9)
  An acid dragon (D:9)
  9 water moccasins
  Duvessa (D:6)
  2 hell hounds (Lair:1)
  7 orc warriors
  4 sky beasts
  2 ice beasts
  2 black bears (D:8)
  2 ogres
  6 centaurs
  2 kobold brigands (D:9)
  A phantom (D:6)
  2 necrophages
  A gnoll sergeant (D:9)
  7 bullfrogs
  3 scorpions
  17 wights
  Dowan (D:6)
  10 killer bees
  A crimson imp (D:5)
  2 jellies
  7 orc priests
  6 hounds
  2 gnoll shamans
  2 iguanas
  11 orc wizards
  Natasha (thrice) (D:3)
  13 mummies (Ossuary)
  19 gnolls
  8 adders
  A shadow imp (D:7)
  3 white imps
  A worm (D:2)
  4 dart slugs
  39 orcs
  6 bats
  10 endoplasms
  6 giant cockroaches
  4 goblins
  7 hobgoblins
  5 jackals
  3 quokkas
  4 ball pythons
  3 frilled lizards (D:1)
  2 gnoll skeletons (Ossuary)
  2 goblin skeletons (Ossuary)
  20 kobolds
  A kobold skeleton (Ossuary)
  3 orc skeletons (Ossuary)
  8 rats
  11 rat skeletons (Ossuary)
  3 fire vortices (Volcano)
  A lurking horror (D:4)
328 creatures vanquished.

Vanquished Creatures (others)
  A fire vortex (Volcano)
  47 fungi (D:8)
  39 plants (D:8)
87 creatures vanquished.

Grand Total: 415 creatures vanquished

Notes
Turn   | Place    | Note
-------+----------+-------------------------------------------
     0 | D:1      | Crownlay the Minotaur Berserker began the quest for the
                  | Orb.
     0 | D:1      | Reached XP level 1. HP: 19/19 MP: 0/0
    40 | D:1      | Reached skill level 4 in Polearms
    75 | D:1      | Reached XP level 2. HP: 26/27 MP: 1/1
   396 | D:1      | Reached XP level 3. HP: 33/33 MP: 2/2
   634 | D:1      | Reached ** piety under Trog
   846 | D:1      | Found a faded altar of an unknown god.
   909 | D:2      | Reached skill level 5 in Polearms
  1625 | D:2      | Reached XP level 4. HP: 41/41 MP: 3/3
  1989 | D:3      | Noticed Natasha
  1990 | D:3      | Found a burning altar of Makhleb.
  2005 | D:3      | Killed Natasha
  2400 | D:3      | Noticed Natasha
  2410 | D:3      | Killed Natasha
  2411 | D:3      | Reached skill level 6 in Polearms
  2411 | D:3      | Reached XP level 5. HP: 47/47 MP: 4/4
  2598 | D:3      | Noticed Natasha
  2604 | D:3      | Killed Natasha
  2605 | D:3      | Reached skill level 5 in Fighting
  2769 | D:3      | Noticed a cacodemon
  3096 | D:4      | Reached skill level 7 in Polearms
  3096 | D:4      | Reached XP level 6. HP: 46/56 MP: 5/5
  3517 | D:4      | Found a corrupted altar of Lugonu.
  3517 | D:4      | Found a one-way gate to the infinite horrors of the Abyss.
  3955 | D:4      | Reached XP level 7. HP: 61/63 MP: 6/6
  3977 | D:4      | Reached skill level 8 in Polearms
  4473 | D:5      | Entered Level 5 of the Dungeon
  4884 | D:5      | Reached skill level 9 in Polearms
  5025 | D:5      | Reached XP level 8. HP: 68/71 MP: 7/7
  5144 | D:5      | Reached skill level 5 in Armour
  5625 | D:6      | Found a snail-covered altar of Cheibriados.
  5665 | D:6      | Reached skill level 10 in Polearms
  5688 | D:6      | Found a sand-covered staircase.
  5704 | Ossuary  | Entered an ossuary
  5922 | Ossuary  | Reached *** piety under Trog
  6514 | D:6      | Reached skill level 11 in Polearms
  6539 | D:6      | Killed an unseen horror
  6540 | D:6      | Reached XP level 9. HP: 65/82 MP: 8/8
  6876 | D:6      | Noticed Duvessa
  6876 | D:6      | Noticed Dowan
  6881 | D:6      | Killed Dowan
  6889 | D:6      | Killed Duvessa
  6890 | D:6      | Reached skill level 12 in Polearms
  6957 | D:6      | Reached skill level 10 in Fighting
  7208 | D:6      | Found a staircase to the Ecumenical Temple.
  7373 | D:6      | Found an opulent altar of Gozag.
  7373 | D:6      | Found a faded altar of an unknown god.
  7381 | D:6      | Found a basalt altar of Yredelemnul.
  7385 | D:6      | Found a hazy altar of Hepliaklqana.
  7387 | D:6      | Found a faded altar of an unknown god.
  7486 | D:7      | Reached skill level 1 in Evocations
  8099 | D:7      | Noticed a komodo dragon
  8107 | D:7      | Killed a komodo dragon
  8390 | D:7      | Found a shimmering altar of Xom.
  8391 | D:7      | Found an ancient bone altar of Kikubaaqudgha.
  8431 | D:7      | Noticed Joseph
  8448 | D:7      | Killed Joseph
  8449 | D:7      | Reached XP level 10. HP: 64/96 MP: 9/9
  8996 | D:7      | Gained mutation: Your system is resistant to poisons.
                  | (rPois) [potion of mutation]
  8996 | D:7      | Gained mutation: You have hidden genetic potential. [potion
                  | of mutation]
  8996 | D:7      | Gained mutation: Your flesh is cold resistant. (rC+)
                  | [potion of mutation]
  9257 | D:8      | Found a white marble altar of Elyvilon.
  9397 | D:8      | Found Taetegoi's Book Shoppe.
  9682 | D:8      | Found a staircase to the Lair.
 10089 | D:8      | Found a sparkling altar of Nemelex Xobeh.
 10089 | D:8      | Found a transporter.
 10089 | D:8      | Noticed a cyclops
 10090 | D:8      | Noticed a brown ugly thing
 10336 | D:9      | Reached skill level 13 in Polearms
 10383 | D:9      | Noticed a centaur warrior
 10396 | D:9      | Killed a centaur warrior
 10397 | D:9      | Noticed a wizard
 10398 | D:9      | Noticed a boulder beetle
 10401 | D:9      | Identified the ring of the Moon {rC+++ rCorr Int+2 Dex-3}
 10414 | D:9      | Killed a boulder beetle
 10415 | D:9      | Reached XP level 11. HP: 88/104 MP: 10/10
 10419 | D:9      | Reached skill level 5 in Evocations
 10420 | D:9      | Killed a wizard
 10426 | D:9      | Gained mutation: You have large cloven feet. [hidden
                  | potential]
 10654 | D:9      | Noticed Erica
 10666 | D:9      | Killed Erica
 10666 | D:9      | Reached **** piety under Trog
 10667 | D:9      | Reached skill level 14 in Polearms
 10750 | D:9      | Noticed Maggie
 10761 | D:9      | Killed Maggie
 11190 | D:9      | Found a transporter.
 11191 | D:9      | Found a transporter.
 11309 | D:9      | Identified the +10 flail of Blue Gallantry {freeze, Str+8
                  | Int-3 Dex+3 SInv}
 11357 | D:9      | Identified the +12 hunting sling of Pithrousch {freeze,
                  | rElec rF+ Int+3}
 11357 | D:9      | Noticed a tengu warrior
 11378 | D:9      | Killed a tengu warrior
 11379 | D:9      | Reached skill level 1 in Shields
 11702 | D:9      | Found a transporter.
 11705 | D:9      | Found a transporter.
 11761 | D:9      | Found a transporter.
 11762 | D:9      | Found a transporter.
 11899 | D:10     | Entered Level 10 of the Dungeon
 11911 | D:10     | Noticed a two-headed ogre
 11917 | D:10     | Killed a two-headed ogre
 12500 | D:10     | Found a staircase to the Orcish Mines.
 12690 | D:10     | Noticed a two-headed ogre
 12700 | D:10     | Killed a two-headed ogre
 12701 | D:10     | Reached skill level 15 in Polearms
 13009 | D:10     | Reached skill level 10 in Armour
 13189 | Orc:1    | Entered Level 1 of the Orcish Mines
 13241 | Lair:1   | Entered Level 1 of the Lair of Beasts
 13266 | Lair:1   | Found a dark tunnel.
 13280 | Volcano  | Entered a volcano
 13389 | Volcano  | Reached skill level 5 in Shields
 13517 | Volcano  | HP: 2/104 [something (10)]
 13518 | Volcano  | Engulfed by a cloud of flame

Illustrated notes

Levels and vault maps discovered:
D:1:      dpeg_arrival_tiny_a, layout_rooms,
          shapermc_ecumenical_altar_mp_highgroup, minmay_hexomino_u4
D:2:      layout_basic
D:3:      layout_loops_ring, makhleb_altar_promises_db, uniq_natasha
D:4:      layout_loops_cross, kennysheep_small_spiral,
          amcnicky_altar_lugonu_corruption
D:5:      layout_gridville, minmay_fire_ice_demons
D:6:      kennysheep_six_static_rooms, layout_loops_ring,
          kennysheep_slug_shrine, chequers_temple_overflow_minitemple,
          minmay_temple_entry_fiery, nicolae_ossuary_entry_monument,
          uniq_duvessa
D:7:      layout_basic, nicolae_overflow_hidden_temple,
          hangedman_decor_clover_reticule, grunt_ministairs_4, uniq_joseph
D:8:      layout_loops_ring, elyvilon_altar_1, grunt_nemelex_the_gamble,
          due_lair_maze_entry_diamond, serial_shops, shop
D:9:      minmay_the_grid_triangle_9x9_recursive_2
          [minmay_the_grid_triangle_9x9_prize_schism,
          minmay_the_grid_triangle_9x9_stretched_checkered,
          minmay_the_grid_triangle_9x9_corruption,
          minmay_the_grid_triangle_9x9_longest], layout_basic,
          serial_nicolae_subway, nicolae_sub_station_metal,
          nicolae_sub_station_stone, nicolae_sub_station_crystal, uniq_erica,
          uniq_maggie
D:10:     layout_stronghold, minmay_orc_entry_temple_small
Lair:1:   layout_misc_corridors, enter_volcano_3, uniq_amaemon
Orc:1:    layout_caves, basic_altar, serial_shops, nicolae_diamond_shop
Volcano:  volcano_aerie

Skill      XL: |  1  2  3  4  5  6  7  8  9 10 11 |
---------------+----------------------------------+-----
Polearms       | 4 5 6 7 9 11 12 13 15 | 15.0
Fighting       | 4 5 6 8 11 12 | 12.0
Armour         | 3 4 5 7 8 10 | 10.0
Evocations     | 2 4 6 |  6.6
Shields        | 5 |  5.4
Dodging        | |  2.1

Action                   |  1- 3 |  4- 6 |  7- 9 | 10-12 || total
-------------------------+-------+-------+-------+-------++-------
Melee: Spear             |   115 |   169 |   490 |   183 ||   957
       Punch             |     1 |       |     4 |     4 ||     9
       Headbutt          |    13 |    22 |    85 |    69 ||   189
       Trident           |       |       |       |   171 ||   171
 Fire: Hunting sling     |       |       |       |    41 ||    41
Invok: Berserk           |     1 |     5 |    10 |     6 ||    22
       Trog's Hand       |       |     1 |     8 |     5 ||    14
Evoke: Wand              |       |       |       |     1 ||     1
  Use: Scroll            |       |       |     4 |     4 ||     8
       Potion            |       |       |       |     3 ||     3
 Stab: Sleeping          |     1 |     5 |     1 |       ||     7
Armor: Animal skin       |    15 |    10 |       |       ||    25
       Ring mail         |       |    12 |    63 |    56 ||   131
Dodge: Dodged            |    42 |    67 |   113 |    83 ||   305

Table legend: (Time is in decaauts)
 A = Elapsed time spent in this place.
 B = Non-inter-level travel time spent in this place.
 C = Inter-level travel time spent in this place.
 D = Time resting spent in this place.
 E = Time spent auto-exploring this place.
 F = Levels seen in this place.
 G = Mean time per level.
                   A        B        C        D        E       F      G
               +--------+--------+--------+--------+--------+-----+--------+
         Total |  13322 |  12873 |    449 |    288 |  10575 |  14 |  951.6 |
       Dungeon |  12427 |  11978 |    449 |    155 |  10093 |  10 | 1242.7 |
          Lair |     33 |     33 |      0 |      0 |      0 |   1 |   33.0 |
  Orcish Mines |      1 |      1 |      0 |      0 |      0 |   1 |    1.0 |
       Ossuary |    625 |    625 |      0 |      0 |    481 |   1 |  625.0 |
       Volcano |    233 |    233 |      0 |    133 |      0 |   1 |  233.0 |
               +--------+--------+--------+--------+--------+-----+--------+

Top non-repeatable levels by time:
     D:9: 1624 daAuts
     D:7: 1536 daAuts
     D:4: 1414 daAuts
    D:10: 1311 daAuts
     D:8: 1275 daAuts
     D:3: 1179 daAuts
     D:5: 1113 daAuts
     D:6: 1097 daAuts
     D:2: 968 daAuts
     D:1: 906 daAuts
 Ossuary: 625 daAuts
 Volcano: 233 daAuts
  Lair:1: 33 daAuts
   Orc:1: 1 daAuts
